 Dungeon Crawl Stone Soup version 0.13.1-28-g3517093 (webtiles) character file.

1409 CrazyArbalest the Bolt Thrower (level 8, 0/57 HPs)
             Began as a Demonspawn Hunter on Mar 8, 2014.
             Was an Initiate of Okawaru.
             Slain by an ogre
             ... wielding a +0,+0 giant club
              (25 damage)
             ... on Level 6 of the Dungeon.
             The game lasted 00:39:57 (5807 turns).

CrazyArbalest the Bolt Thrower (Demonspawn Hunter)  Turns: 5807, Time: 00:39:57

HP   0/57        AC  5     Str 14      XL: 8   Next: 39%
MP   7/7         EV 13     Int 17      God: Okawaru [......]
Gold 35          SH  2     Dex 14      Spells:  0 memorised,  7 levels left

Res.Fire  : . . .   See Invis. : .   b - +1 crossbow
Res.Cold  : . . .   Warding    : .   g - +0 orc leather armour
Life Prot.: . . .   Conserve   : .   (no shield)
Res.Poison: .       Res.Corr.  : .   (helmet restricted)
Res.Elec. : .       Clarity    : .   (no cloak)
Sust.Abil.: . .     Spirit.Shd : .   (no gloves)
Res.Mut.  : +       Stasis     : .   (no boots)
Res.Rott. : .       Flight     : .   O - amulet of resist mutation
Saprovore : . . .                    M - +4 ring of intelligence
                                     o - ring of protection from magic

@: quite resistant to hostile enchantments, fairly stealthy
A: horns 1, powered by death 2, AC +2, SH +2
a: Renounce Religion


You were on level 6 of the Dungeon.
You worshipped Okawaru.
Okawaru was noncommittal.
You were hungry.

You visited 2 branches of the dungeon, and saw 7 of its levels.

You collected 294 gold pieces.
You spent 279 gold pieces at shops.

Inventory:

Hand weapons
 a - the +4,+2 flail "Cuavargho" {venom, rPois}
   (You found it on level 5 of the Dungeon)

   It poisons the flesh of those it strikes.
   It protects you from poison.
 b - a +1,+1 crossbow (weapon)
Missiles
 c - 72 bolts (quivered)
Armour
 d - a +2 leather armour
 g - a +0 orcish leather armour (worn)
Comestibles
 f - 4 bread rations
 p - a rambutan
 A - a choko
 N - a pear
 Q - a meat ration
 U - 9 grapes
Scrolls
 e - a scroll of magic mapping {unknown}
 h - 4 scrolls of teleportation
 i - 2 scrolls of curse jewellery
 j - 3 scrolls of enchant weapon I
 n - a scroll of fear {unknown}
 s - 2 scrolls of blinking {unknown}
 v - 2 scrolls of enchant weapon II {unknown}
 z - a scroll of enchant armour {unknown}
 C - 4 scrolls of curse armour
 D - a scroll of remove curse
 R - a scroll of amnesia {unknown}
Jewellery
 o - a ring of protection from magic (left hand)
 M - a +4 ring of intelligence (right hand)
 O - an amulet of resist mutation (around neck)
Potions
 k - a potion of heal wounds
 l - a potion of brilliance {unknown}
 m - 2 potions of poison {unknown}
 q - a potion of paralysis {unknown}
 r - 9 potions of curing
 B - 2 potions of speed {unknown}
 E - a potion of agility {unknown}
 F - a potion of mutation {unknown}
 T - a potion of magic {unknown}
Miscellaneous
 S - a plain deck of defence


   Skills:
 + Level 2.7 Fighting
   Level 0.3 Short Blades
 * Level 3.9 Maces & Flails
 + Level 6.8 Crossbows
 + Level 2.9 Armour
 + Level 3.9 Dodging
 + Level 3.1 Stealth


You had 7 spell levels left.
You didn't know any spells.

Dungeon Overview and Level Annotations

Branches:
Dungeon (6/27)             Temple (1/1) D:6
    Orc: D:6-11

Altars:
Ashenzari
Cheibriados
Elyvilon
Fedhas
Makhleb
Nemelex Xobeh
Okawaru
Sif Muna
Yredelemnul
Zin
the Shining One

Shops:
D:4 *   D:5 *


Innate Abilities, Weirdness & Mutations

You have a pair of small horns on your head.
You are partially covered in large bone plates (AC +2, SH +2).
You can steal the life force of defeated enemies.


Message History

The ogre is heavily wounded.
The ogre closely misses you.
Firing (i - inventory):
c - 75 bolts (quivered)
Press: ? - help, Shift-Dir - straight line, f/p - ogre
Aim: an ogre, wielding a giant club (heavily wounded)
You shoot a bolt. The bolt hits the ogre.
The ogre is severely wounded.
The ogre hits you with a giant club!
Firing (i - inventory):
c - 74 bolts (quivered)
Press: ? - help, Shift-Dir - straight line, f/p - ogre
Aim: an ogre, wielding a giant club (severely wounded)
You shoot a bolt. The bolt misses the ogre.
The ogre hits you with a giant club!
Firing (i - inventory):
c - 73 bolts (quivered)
Press: ? - help, Shift-Dir - straight line, f/p - ogre
Aim: an ogre, wielding a giant club (severely wounded)
You shoot a bolt. The bolt hits the ogre.
The ogre is almost dead.
The ogre hits you with a giant club!
You die...

..........# #....#
#####.....# #....#
....#.....# #....#
....#.....# #....#########
....#.....# #.............
....#.....####.....########
#'#+#..............#
...)...............#
................@O(#########
...................((..(....
############################


You could see an ogre.

Vanquished Creatures
  A sky beast (D:3)
  A phantom (D:5)
  An orc warrior (D:6)
  2 ogres (D:4)
  5 wights (D:6)
  A jelly (D:5)
  2 orc priests
  8 worker ants
  An iguana (D:4)
  4 orc wizards
  A killer bee zombie (D:5)
  Ijyb (D:2)
  A mummy (D:5)
  7 adders
  3 gnolls (D:3)
  An inept item mimic (D:3)
  A giant mite (D:2)
  2 worms (D:6)
  A giant eyeball (D:5)
  3 giant geckos
  13 orcs
  2 giant cockroaches
  A gnoll zombie (D:5)
  9 goblins
  5 hobgoblins
  4 jackals (D:4)
  10 kobolds
  4 quokkas
  17 bats
  A giant gecko skeleton (D:4)
  7 giant newts
  2 hobgoblin zombies (D:5)
  A kobold zombie (D:5)
  An orc zombie (D:5)
  7 rats
131 creatures vanquished.

Notes
Turn   | Place    | Note
--------------------------------------------------------------
     0 | D:1      | CrazyArbalest, the Demonspawn Hunter, began the quest for the Orb.
     0 | D:1      | Reached XP level 1. HP: 16/16 MP: 0/0
    86 | D:1      | Reached skill level 4 in Crossbows
   109 | D:1      | Gained mutation: You can steal the life force of nearby defeated enemies. [demonic ancestry]
   109 | D:1      | Reached XP level 2. HP: 22/22 MP: 1/1
   740 | D:2      | Reached XP level 3. HP: 25/27 MP: 2/2
   791 | D:2      | Found a shattered altar of Ashenzari.
   960 | D:2      | Noticed Ijyb
   976 | D:2      | Killed Ijyb
  1048 | D:2      | Reached skill level 1 in Stealth
  1563 | D:3      | Gained mutation: You are partially covered in large bone plates (AC +2, SH +2). [demonic ancestry]
  1563 | D:3      | Reached XP level 4. HP: 17/33 MP: 3/3
  1763 | D:3      | Reached skill level 1 in Armour
  1792 | D:3      | Noticed a sky beast
  2275 | D:4      | Noticed an ogre
  2351 | D:3      | Gained mutation: You can steal the life force of defeated enemies. [demonic ancestry]
  2351 | D:3      | Reached XP level 5. HP: 26/38 MP: 4/4
  2585 | D:4      | Reached skill level 1 in Maces & Flails
  2601 | D:4      | Reached skill level 5 in Crossbows
  2673 | D:4      | HP: 1/39 [orc wizard/magic dart (5)]
  2676 | D:5      | Entered Level 5 of the Dungeon
  2684 | D:5      | Reached XP level 6. HP: 28/45 MP: 5/5
  2762 | D:5      | Noticed a phantom
  2783 | D:5      | Killed a phantom
  2810 | D:5      | Found Asaomaif's General Store.
  2857 | D:5      | Bought 15 bolts for 42 gold pieces
  3312 | D:5      | Reached XP level 7. HP: 38/50 MP: 6/6
  3376 | D:5      | Paralysed by a giant eyeball for 2 turns
  3519 | D:5      | Reached skill level 6 in Crossbows
  3536 | D:5      | Got a crude flail
  3537 | D:5      | Identified the flail "Cuavargho" {venom, rPois} (You found it on level 5 of the Dungeon)
  3799 | D:4      | Killed an ogre
  4030 | D:4      | Found a glowing golden altar of the Shining One.
  4109 | D:4      | Noticed an ogre
  4113 | D:4      | Killed an ogre
  4193 | D:4      | Found a sparkling altar of Nemelex Xobeh.
  4343 | D:4      | Found Pneiw's Assorted Antiques.
  4352 | D:4      | Bought an ancient leather armour for 189 gold pieces
  4388 | D:4      | Identified the cursed -5 leather armour of Leaves {Dex+4 Int-5} (You bought it in a shop on level 4 of the Dungeon)
  4701 | D:3      | Killed a sky beast
  4936 | D:6      | Gained mutation: You have a pair of small horns on your head. [demonic ancestry]
  4936 | D:6      | Reached XP level 8. HP: 57/57 MP: 7/7
  5413 | D:6      | Found a staircase to the Ecumenical Temple.
  5422 | Temple   | Entered the Ecumenical Temple
  5580 | D:4      | Bought a brown potion for 24 gold pieces
  5580 | D:4      | Bought a glowing orange potion for 24 gold pieces
  5736 | Temple   | Became a worshipper of Warmaster Okawaru
  5807 | D:6      | Slain by an ogre

Action                   |  1- 3 |  4- 6 |  7- 9 || total
-------------------------+-------+-------+-------++-------
Melee: Short sword       |   119 |     8 |       ||   127
       Flail             |       |    71 |    90 ||   161
 Fire: Crossbow          |    34 |    71 |    64 ||   169
Throw: Dagger            |       |     1 |       ||     1
  Use: Potion            |     1 |     3 |       ||     4
       Scroll            |       |       |     7 ||     7
 Stab: Sleeping          |     1 |     1 |     5 ||     7
       Distracted        |       |     1 |       ||     1
